 Dungeon Crawl Stone Soup version 0.23-a0-480-g1869896 (webtiles) character file.

1059 emperorscorpion the Cutter (level 8, -18/61 HPs)
             Began as a Human Berserker on Nov 28, 2018.
             Was an Elder of Trog.
             Demolished by an ogre
             ... wielding a +0 giant club
              (22 damage)
             ... on level 5 of the Dungeon.
             The game lasted 00:07:49 (5322 turns).

emperorscorpion the Cutter (Human Berserker)        Turns: 5322, Time: 00:07:49

Health: -18/61     AC:  8    Str: 20    XL:     8   Next: 51%
Magic:  0/8        EV: 11    Int: 11    God:    Trog [****..]
Gold:   218        SH:  0    Dex: 12    Spells: 7/7 levels left

rFire    . . .     SeeInvis .   a - +1 dagger (chaos)
rCold    . . .     Gourm    .   (no shield)
rNeg     . . .     Faith    .   o - +0 scale mail
rPois    .         Spirit   +   (no helmet)
rElec    .         Reflect  .   C - +0 cloak
rCorr    .         Harm     .   (no gloves)
MR       .....                  (no boots)
Stlth    ..........             D - amulet of guardian spirit
HPRegen  0.20/turn              k - ring of wizardry
MPRegen  0.11/turn              l - +3 ring of intelligence

@: no status effects
A: no striking features
a: Berserk, Trog's Hand, Brothers in Arms, Renounce Religion


You were on level 5 of the Dungeon.
You worshipped Trog.
Trog was greatly pleased with you.
You were very hungry.

You visited 1 branch of the dungeon, and saw 5 of its levels.

You collected 218 gold pieces.

Inventory:

Hand Weapons
 a - a +1 dagger of chaos (weapon)
 y - a +0 short sword
Armour
 b - a +0 animal skin
 o - a +0 scale mail (worn)
 q - a +0 ring mail
 C - a +0 cloak (worn)
Jewellery
 k - a ring of wizardry (left hand)
 l - a +3 ring of intelligence (right hand)
 D - an amulet of guardian spirit (around neck)
Wands
 t - a wand of iceblast (2)
 v - a wand of digging (5)
Scrolls
 g - a scroll of magic mapping
 h - 6 scrolls of identify
 i - a scroll of amnesia
 m - 3 scrolls of remove curse
 n - 2 scrolls of enchant weapon {unknown}
 s - a scroll of noise {unknown}
 w - a scroll of enchant armour {unknown}
 E - 3 scrolls of teleportation {unknown}
Potions
 d - 2 potions of heal wounds {unknown}
 e - a potion of ambrosia {unknown}
 f - a potion of magic {unknown}
 j - a potion of agility {unknown}
 p - a potion of curing
 r - a potion of degeneration {unknown}
 u - a potion of might {unknown}
 x - a potion of cancellation {unknown}
 z - a potion of resistance {unknown}
 A - 2 potions of mutation {unknown}
 B - a potion of lignification {unknown}
Comestibles
 c - 11 rations


   Skills:
 + Level 4.9 Fighting
 + Level 6.7 Short Blades
 + Level 4.9 Armour
 + Level 3.9 Dodging
 + Level 1.6 Stealth


You had 7 spell levels left.
You didn't know any spells.
Your spell library was empty.

Dungeon Overview and Level Annotations

Branches:
Dungeon (5/15)
 Temple: D:4-7

Altars:
Xom

Annotations:
D:3 2 transporters, Lavandula's ghost, weakling NaAE
D:5 Eustachio


Message History

You hit the ogre.
You hear a whooshing sound.
The ogre is lightly wounded.
You hit the ogre.
The ogre is poisoned.
The ogre is lightly wounded.
The ogre hits you but does no damage.
You hit the ogre.
The ogre is moderately wounded.
You hit the ogre. You freeze the ogre.
The ogre is moderately wounded.
The ogre hits you with a +0 giant club!!
* * * LOW HITPOINT WARNING * * *
You hit the ogre but do no damage. You drain the ogre!
The ogre is moderately wounded.
Eustachio hits you with a +0 rapier of protection.
* * * LOW HITPOINT WARNING * * *
You hit the ogre.
The ogre is heavily wounded.
The ogre hits you with a +0 giant club!!
You die...

#......................#
###....................#
#.###..............?...#
#.###..................#
#..................##.#
#................<.#..#
##....................#
.ยง...................###
...............O@.......
..%...##........@...#...
......#..##...............
........###....##...#.....
......#.............# ....
......##...#.#.# #... .
###.... ..##!#. .... ##..
. .....


You could see Eustachio and an ogre (petrifying).

Vanquished Creatures
  3 phantoms
  A scorpion (D:4)
  A howler monkey (D:5)
  5 crimson imps (D:4)
  A hound (D:5)
  3 orc priests
  2 bullfrog skeletons (D:5)
  2 orc wizards (D:4)
  An iguana (D:2)
  3 worker ants
  A gnoll (D:4)
  8 adders
  A shadow imp (D:5)
  An ooze (D:1)
  An adder skeleton (D:4)
  3 worms (D:2)
  3 dart slugs
  10 orcs
  A ball python (D:3)
  12 bats
  7 giant cockroaches
  8 goblins
  5 hobgoblins
  4 jackals (D:1)
  12 kobolds
  A quokka (D:4)
  6 frilled lizards
  A rat (D:1)
107 creatures vanquished.

Vanquished Creatures (others)
  An orc wizard (D:4)
1 creature vanquished.

Grand Total: 108 creatures vanquished

Notes
Turn   | Place    | Note
-------+----------+-------------------------------------------
     0 | D:1      | emperorscorpion the Human Berserker began the quest for the
                  | Orb.
     0 | D:1      | Reached XP level 1. HP: 18/18 MP: 1/1
   142 | D:1      | Reached XP level 2. HP: 18/24 MP: 2/2
   512 | D:1      | Reached XP level 3. HP: 22/29 MP: 3/3
   737 | D:1      | Reached ** piety under Trog
  1212 | D:2      | Reached XP level 4. HP: 35/35 MP: 4/4
  1383 | D:2      | Reached skill level 4 in Short Blades
  1622 | D:2      | Reached XP level 5. HP: 26/41 MP: 5/5
  1967 | D:2      | Noticed a phantom
  1999 | D:2      | Killed a phantom
  1999 | D:2      | Reached XP level 6. HP: 29/48 MP: 6/6
  2561 | D:3      | Reached *** piety under Trog
  2564 | D:3      | Reached skill level 5 in Short Blades
  2914 | D:3      | Found a transporter.
  2945 | D:3      | Found a transporter.
  2945 | D:3      | Noticed Lavandula's ghost (weakling NaAE)
  3507 | D:4      | Reached XP level 7. HP: 54/54 MP: 7/7
  3968 | D:4      | Found a shimmering altar of Xom.
  4527 | D:4      | Reached skill level 6 in Short Blades
  4527 | D:4      | Reached skill level 1 in Stealth
  4581 | D:4      | Reached XP level 8. HP: 52/61 MP: 8/8
  4963 | D:5      | Entered Level 5 of the Dungeon
  5265 | D:5      | Reached **** piety under Trog
  5313 | D:5      | Noticed Eustachio
  5322 | D:5      | Demolished by an ogre

Vault maps used:
D:1:      wheals_arrival_shading
D:2:      first_ration, minmay_misc_feat_enclosed
D:3:      gammafunk_ghost_mausoleum
D:4:      led_xom_imps
D:5:      led_sif_book, uniq_eustachio

Skill      XL: |  1  2  3  4  5  6  7 |
---------------+----------------------+-----
Short Blades   | 4 5 6 |  6.7
Dodging        | 3 |  3.9
Armour         | 3 4 |  4.9
Fighting       | 4 |  4.9
Stealth        | 1 |  1.6

Action                   |  1- 3 |  4- 6 |  7- 9 || total
-------------------------+-------+-------+-------++-------
Melee: Short sword       |   104 |   224 |    54 ||   382
       Dagger            |       |       |   205 ||   205
Invok: Berserk           |     3 |     6 |     1 ||    10
       Trog's Hand       |       |       |     1 ||     1
  Use: Scroll            |       |     3 |       ||     3
 Stab: Confused          |       |       |     2 ||     2
       Paralysed         |       |       |     2 ||     2
  Eat: Chunk             |     3 |    12 |     4 ||    19
       Ration            |       |       |     1 ||     1
Armor: Animal skin       |    41 |       |       ||    41
       Ring mail         |       |    29 |       ||    29
       Scale mail        |       |    43 |    83 ||   126
Dodge: Dodged            |   103 |   122 |    96 ||   321

Table legend:
 A = Non-vault XP
 B = Vault XP
 C = Vault XP percentage of total XP
 D = Non-vault monster count
 E = Vault monster count
 F = Vault count percentage of total count
                 A         B        C        D         E       F
            +---------+---------+-------+---------+---------+-------
      Total |    1319 |     194 |  12.8 |     104 |       4 |   3.7
            +---------+---------+-------+---------+---------+-------
        D:1 |      53 |       0 |   0.0 |      26 |       0 |   0.0
        D:2 |     246 |       0 |   0.0 |      24 |       0 |   0.0
        D:3 |     176 |       0 |   0.0 |      26 |       0 |   0.0
        D:4 |     494 |     194 |  28.2 |      19 |       4 |  17.4
        D:5 |     350 |       0 |   0.0 |       9 |       0 |   0.0
            +---------+---------+-------+---------+---------+-------
